 Dungeon Crawl Stone Soup version 0.28-a0-595-g9f6c0e134a (webtiles) character file.

Game seed: 3643743488846055120

5228 bande the Blocker (level 10, -6/57 HPs)
             Began as a Gargoyle Fighter on Oct 4, 2021.
             Was an Elder of Okawaru.
             Mangled by a seven-headed hydra (12 damage)
             ... on level 2 of the Lair of Beasts.
             The game lasted 00:19:52 (7265 turns).

bande the Blocker (Gargoyle Fighter)                Turns: 7265, Time: 00:19:52

Health: -6/57      AC: 24    Str: 20    XL:     10   Next: 61%
Magic:  10/10      EV:  3    Int: 10    God:    Okawaru [****..]
Gold:   634        SH: 16    Dex: 11    Spells: 9/9 levels left

rFire   . . .      SeeInvis .   y - +7 flail of Eternal War {flame, rC+ rCorr}
rCold   + + .      Faith    .   n - +0 tower shield of Elyvilon's Castigation {Harm rPois Regen+ Slay+3}
rNeg    + . .      Spirit   .   b - +0 plate armour
rPois   ∞          Reflect  .   (no helmet)
rElec   +          Harm     +   (no cloak)
rCorr   +          Rampage  .   (no gloves)
Will    .....                   f - +0 pair of boots
Stlth   ..........              k - amulet of regeneration
HPRegen 2.19/turn               e - +4 ring of protection
MPRegen 0.12/turn               o - ring of protection from cold

@: no status effects
A: sickness immunity, AC +7, negative energy resistance 1, electricity
resistance, torment resistance 1, petrification resistance
a: Renounce Religion, Heroism, Finesse


You were on level 2 of the Lair of Beasts.
You worshipped Okawaru.
Okawaru was greatly pleased with you.
You visited 3 branches of the dungeon, and saw 11 of its levels.
You also visited: Bailey.

You collected 634 gold pieces.

Inventory:

Hand Weapons
 a - a +0 war axe of protection
 h - a +0 dagger
 y - the +7 flail of Eternal War (weapon) {flame, rC+ rCorr}
   (You took it off a kobold in a bailey)

   It burns those it strikes, dealing additional fire damage.
   rC:        It protects you from cold.
   rCorr:     It protects you from acid and corrosion.
 B - a +0 war axe
Missiles
 j - a throwing net (quivered)
Armour
 b - a +0 plate armour (worn)
 c - a +0 buckler
 f - a +0 pair of boots (worn)
 i - a +1 tower shield
 n - the +0 tower shield of Elyvilon's Castigation (worn) {Harm rPois Regen+ Slay+3}
   (You found it on level 6 of the Dungeon)

   Slay:      It affects your accuracy & damage with ranged weapons and melee
   (+3).
   rPois:     It protects you from poison.
   Regen:     It increases your rate of health regeneration.
   Harm:      It increases damage dealt and taken.
Jewellery
 e - a +4 ring of protection (left hand)
 k - an amulet of regeneration (around neck)
 l - an amulet of the acrobat
 o - a ring of protection from cold (right hand)
Wands
 d - a wand of polymorph (8)
 m - a wand of paralysis (7)
 s - a wand of acid (5)
 u - a wand of flame (23)
Scrolls
 q - 2 scrolls of enchant armour
 t - 3 scrolls of teleportation
 v - 4 scrolls of immolation
 w - 2 scrolls of identify
Potions
 g - a potion of heal wounds
 p - a potion of magic
 r - a potion of resistance
 x - 2 potions of flight
 z - a potion of attraction
 A - a potion of curing


   Skills:
 - Level 4.2 Fighting
 - Level 9.9 Axes
 - Level 5.1 Armour
 + Level 11.4 Shields
 + Level 2.1 Evocations


You had 9 spell levels left.
You didn't know any spells.
Your spell library contained the following spells:

 Spells                   Type           Power      Damage    Failure   Level
 Slow                     Hex            0%         N/A       100%        2
 Confusing Touch          Hex            0%         N/A       100%        3
 Gell's Gravitas          Tloc           0%         N/A       100%        3
 Lesser Beckoning         Tloc           0%         N/A       100%        3
 Teleport Other           Tloc           0%         N/A       100%        3
 Vampiric Draining        Necr           0%         2d6       100%        3


Dungeon Overview and Level Annotations

Branches:
Dungeon (8/15)             Temple (1/1) D:6            Lair (1/6) D:8
 Bailey (visited)

Altars:
Ashenzari
Cheibriados
Elyvilon
Fedhas
Gozag
Kikubaaqudgha
Makhleb
Nemelex Xobeh
Okawaru
Qazlal
Ru
Trog
Uskayaw
Vehumet
Wu Jian
Xom
Yredelemnul
Zin
The Shining One

Portals:
Abyss: D:5

Annotations:
D:5 2 transporters, SirDiesAlot's ghost, weakling MiDe


Innate Abilities, Weirdness & Mutations

You are immune to sickness and miasma.
Your stone body is resilient. (AC +7)
You are immune to poison.
You resist negative energy. (rN+)
You are resistant to electric shocks. (rElec)
You are resistant to unholy torment.
You are immune to petrification.


Message History

The bullfrog hits you but does no damage.
You hit the seven-headed hydra. You burn the seven-headed hydra.
The seven-headed hydra is moderately wounded.
The bullfrog barely misses you.
You block the seven-headed hydra's attack.
The seven-headed hydra bites you!
* * * LOW HITPOINT WARNING * * *
The seven-headed hydra bites you but does no damage. x2
You block the seven-headed hydra's attack.
The seven-headed hydra bites you but does no damage. x2
The bullfrog hits you but does no damage.
The seven-headed hydra bites you but does no damage. x3
You block the seven-headed hydra's attack. x2
The seven-headed hydra bites you!
* * * LOW HITPOINT WARNING * * *
The seven-headed hydra barely misses you.
You feel much better. You block the bullfrog's attack.
The seven-headed hydra bites you.
The seven-headed hydra bites you but does no damage.
The seven-headed hydra bites you!
* * * LOW HITPOINT WARNING * * *
The seven-headed hydra bites you but does no damage.
The seven-headed hydra bites you!
* * * LOW HITPOINT WARNING * * *
The seven-headed hydra bites you but does no damage. x2
You feel much better. You block the bullfrog's attack. The bullfrog hits you.
The seven-headed hydra bites you but does no damage.
The seven-headed hydra bites you.
* * * LOW HITPOINT WARNING * * *
The seven-headed hydra bites you but does no damage.
You block the seven-headed hydra's attack.
The seven-headed hydra bites you.
* * * LOW HITPOINT WARNING * * *
You block the seven-headed hydra's attack.
The seven-headed hydra bites you!
* * * LOW HITPOINT WARNING * * *
Your shield prevents you from hitting the seven-headed hydra.
The seven-headed hydra is moderately wounded.
You block the bullfrog's attack. The seven-headed hydra bites you!
You die...

#.###................
♣....P...............
♣♣...................
♣♣♣♣....###.#.##.....
♣P...P.######.###....
♣P♣♣....#.##.#.##....
.D♣♣..................
.8.F ♣♣DF..........
♣...P ♣♣@.#########.
♣♣.. ♣..[# ♣♣ ♣..##
♣...# ♣P.... ♣♣...#
....# .....# ......#


You could see a seven-headed hydra and a bullfrog.

Vanquished Creatures
  An orc knight (Bailey)
  A troll (D:8)
  4 yaks (D:8)
  A steam dragon (D:7)
  2 water moccasins
  An acid dragon (D:8)
  2 necrophages
  3 ogres
  6 orc warriors
  A hornet zombie (D:8)
  6 centaurs
  A kobold brigand (D:7)
  3 scorpions
  3 bullfrogs (D:8)
  3 wyvern zombies
  2 water moccasin zombies (D:6)
  A wyvern skeleton (D:6)
  A killer bee (D:8)
  4 howler monkeys
  3 bullfrog zombies
  A bullfrog skeleton (D:6)
  2 jellies
  A gnoll shaman (D:4)
  4 orc priests (D:8)
  6 hounds
  5 orc wizards
  Jessica (D:3)
  2 iguanas
  Robin (D:3)
  2 howler monkey skeletons (D:6)
  7 adders
  5 gnolls
  2 white imps (D:6)
  2 worms
  2 dart slugs
  26 orcs
  11 ball pythons
  3 endoplasms
  A giant cockroach (D:4)
  32 goblins
  8 hobgoblins
  18 jackals
  6 quokkas
  8 bats
  5 frilled lizards
  30 kobolds
  7 rats
247 creatures vanquished.

Vanquished Creatures (others)
  2 bushes
  3 fungi (D:8)
  7 plants
12 creatures vanquished.

Grand Total: 259 creatures vanquished

Notes
Turn   | Place    | Note
-------+----------+-------------------------------------------
     0 | D:1      | bande the Gargoyle Fighter began the quest for the Orb.
     0 | D:1      | Reached XP level 1. HP: 14/14 MP: 1/1
   168 | D:1      | Reached XP level 2. HP: 12/19 MP: 2/2
   476 | D:1      | Found a faded altar of an unknown god.
   479 | D:1      | Reached XP level 3. HP: 24/24 MP: 3/3
  1453 | D:2      | Reached XP level 4. HP: 29/29 MP: 4/4
  1706 | D:3      | Noticed Jessica
  1713 | D:3      | Killed Jessica
  1817 | D:3      | Reached XP level 5. HP: 26/33 MP: 5/5
  2205 | D:3      | Found a burning altar of Makhleb.
  2207 | D:3      | Found a glowing silver altar of Zin.
  2209 | D:3      | Noticed a green death
  2211 | D:3      | Noticed an angel
  2446 | D:3      | Noticed Robin
  2453 | D:3      | Killed Robin
  2455 | D:3      | Reached skill level 4 in Shields
  2797 | D:4      | Reached skill level 1 in Evocations
  2797 | D:4      | Reached XP level 6. HP: 34/38 MP: 6/6
  3092 | D:4      | Found a bloodstained altar of Trog.
  3166 | D:4      | Found a shimmering altar of Xom.
  3166 | D:4      | Found a glowing golden altar of the Shining One.
  3497 | D:5      | Entered Level 5 of the Dungeon
  3521 | D:5      | Found a one-way gate to the infinite horrors of the Abyss.
  3521 | D:5      | Noticed SirDiesAlot's ghost (weakling MiDe)
  3521 | D:5      | Noticed a small abomination
  3523 | D:5      | Noticed a small abomination
  3529 | D:5      | Noticed a toenail golem
  3543 | D:5      | Found a transporter.
  3574 | D:5      | Reached XP level 7. HP: 43/43 MP: 7/7
  3576 | D:5      | Found a transporter.
  3591 | D:5      | Reached skill level 5 in Armour
  3687 | D:5      | Reached skill level 5 in Axes
  3927 | D:5      | Reached XP level 8. HP: 42/48 MP: 8/8
  4181 | D:6      | Identified the +0 tower shield of Elyvilon's Castigation
                  | {Harm rPois Regen+ Slay+3}
  4361 | D:6      | Found a basalt altar of Yredelemnul.
  4361 | D:6      | Found a sparkling altar of Nemelex Xobeh.
  4517 | D:6      | Found a staircase to the Ecumenical Temple.
  4527 | Temple   | Entered the Ecumenical Temple
  4715 | Temple   | Became a worshipper of Warmaster Okawaru
  4788 | D:6      | Reached skill level 5 in Shields
  5096 | D:7      | Reached * piety under Okawaru
  5097 | D:7      | Reached XP level 9. HP: 51/52 MP: 9/9
  5176 | D:7      | Reached skill level 6 in Shields
  5329 | D:7      | Found a blossoming altar of Fedhas.
  5473 | D:7      | Found a flagged portal.
  5484 | Bailey   | Entered a bailey
  5566 | Bailey   | Identified the +7 flail of Eternal War {flame, rC+ rCorr}
  5600 | Bailey   | Reached ** piety under Okawaru
  5601 | Bailey   | Reached skill level 7 in Shields
  5649 | Bailey   | Noticed an orc knight
  5670 | Bailey   | HP: 1/49 [orc knight (13)]
  5671 | Bailey   | Killed an orc knight
  6042 | D:7      | Reached skill level 8 in Shields
  6284 | D:8      | Reached XP level 10. HP: 43/57 MP: 10/10
  6361 | D:8      | Reached *** piety under Okawaru
  6376 | D:8      | Reached skill level 9 in Shields
  6430 | D:8      | Reached skill level 10 in Shields
  6603 | D:8      | Found a staircase to the Lair.
  6703 | D:8      | Reached skill level 11 in Shields
  6710 | D:8      | Reached **** piety under Okawaru
  7197 | Lair:1   | Entered Level 1 of the Lair of Beasts
  7214 | Lair:1   | You fall into a shaft and drop 1 floor!
  7240 | Lair:2   | Noticed a six-headed hydra
  7265 | Lair:2   | Mangled by a seven-headed hydra

Illustrated notes

Levels and vault maps discovered:
D:1:      saegor_arrival_simple_c, layout_rooms,
          shapermc_ecumenical_altar_starsandcircs
D:2:      layout_basic
D:3:      kennysheep_goblin_castle, layout_loops_ring,
          grunt_temple_overflow_order_and_chaos_2, uniq_jessica
D:4:      layout_loops_ring, mainiacjoe_overflow_catwalk,
          chequers_temple_overflow_statue_of_worship, minmay_misc_feat_ornament
D:5:      layout_cave_pools, gammafunk_ghost_abyssal_escape,
          minmay_ogre_servants
D:6:      layout_cave_pools, grunt_temple_overflow_open,
          lemuel_temple_firewalk_b, serial_column_ruins, column_ruins_hut,
          column_ruins_hut_ruined, column_ruins_corridor_corner,
          column_ruins_grid_1, column_ruins_corridor_dead_end,
          column_ruins_open_small, column_ruins_corridor_straight,
          column_ruins_grid_1
D:7:      layout_gridville, marbit_many_paths, enter_bailey_2,
          kb_lookout_dungeons_type
D:8:      hangedman_cross_stitches, layout_loops_ring, dpeg_oklobed_lair,
          lemuel_flame_loot_1
Temple:   minmay_temple_curvy_branch
Lair:1:   layout_gridlike, lemuel_fruit_tree, uniq_gastronok
Lair:2:   layout_gridlike, wad_woods_06, grunt_megastairs_1,
          infiniplex_staircase_pool

Skill      XL: |  1  2  3  4  5  6  7  8  9 10 |
---------------+-------------------------------+-----
Axes           | 2 3 4 6 8 9 |  9.9
Armour         | 4 5 |  5.1
Shields        | 4 5 8 11 | 11.4
Evocations     | 1 2 |  2.1
Fighting       | 4 |  4.2

Action                   |  1- 3 |  4- 6 |  7- 9 | 10-12 || total
-------------------------+-------+-------+-------+-------++-------
Melee: War axe           |   117 |   198 |   406 |   149 ||   870
       Flail             |       |       |       |     6 ||     6
  Use: Scroll            |     3 |     2 |     6 |     3 ||    14
       Potion            |       |       |     3 |     2 ||     5
Armor: Scale mail        |    71 |   138 |   330 |   104 ||   643
       Plate armour      |       |       |       |    71 ||    71
Dodge: Dodged            |    61 |   132 |   134 |    51 ||   378
Block: Buckler           |    31 |    49 |    38 |       ||   118
       Tower shield      |       |       |   291 |   172 ||   463

Table legend: (Time is in decaauts)
 A = Elapsed time spent in this place.
 B = Non-inter-level travel time spent in this place.
 C = Inter-level travel time spent in this place.
 D = Time resting spent in this place.
 E = Time spent auto-exploring this place.
 F = Levels seen in this place.
 G = Mean time per level.
                   A        B        C        D        E       F      G
               +--------+--------+--------+--------+--------+-----+--------+
         Total |   7575 |   7521 |     54 |    140 |   4759 |  12 |  631.2 |
       Dungeon |   6836 |   6782 |     54 |    135 |   4433 |   8 |  854.5 |
        Temple |    199 |    199 |      0 |      0 |    182 |   1 |  199.0 |
          Lair |     70 |     70 |      0 |      0 |     47 |   2 |   35.0 |
        Bailey |    469 |    469 |      0 |      5 |     97 |   1 |  469.0 |
               +--------+--------+--------+--------+--------+-----+--------+

Top non-repeatable levels by time:
     D:3: 1207 daAuts
     D:8: 1055 daAuts
     D:1: 859 daAuts
     D:7: 792 daAuts
     D:4: 781 daAuts
     D:2: 755 daAuts
     D:6: 692 daAuts
     D:5: 692 daAuts
  Bailey: 469 daAuts
  Temple: 199 daAuts
  Lair:2: 52 daAuts
  Lair:1: 17 daAuts
